 Dungeon Crawl Stone Soup version 0.22-a0-567-gff9aefc (webtiles) character file.

37 Hebeh the Covered (level 3, -1/33 HPs)
             Began as a Minotaur Fighter on June 29, 2018.
             Slain by an orc
             ... wielding a +3 hand axe
              (3 damage)
             ... on level 2 of the Dungeon.
             The game lasted 00:01:26 (525 turns).

Hebeh the Covered (Minotaur Fighter)                 Turns: 525, Time: 00:01:27

Health: -1/33      AC:  7    Str: 21    XL:     3   Next: 23%
Magic:  2/2        EV:  7    Int:  5    God:
Gold:   8          SH:  9    Dex:  9    Spells: 2/2 levels left

rFire    . . .     SeeInvis .   a - +0 war axe
rCold    . . .     Gourm    .   c - +0 shield
rNeg     . . .     Faith    .   b - +0 scale mail
rPois    .         Spirit   .   (helmet restricted)
rElec    .         Reflect  .   (no cloak)
rCorr    .         Harm     .   (no gloves)
MR       .....                  (no boots)
Stlth    ..........             (no amulet)
HPRegen  0.11/turn              (no ring)
MPRegen  0.08/turn              (no ring)

@: no status effects
A: retaliatory headbutt, horns 2
a: no special abilities


You were on level 2 of the Dungeon.
You were not hungry.

You visited 1 branch of the dungeon, and saw 2 of its levels.

You collected 8 gold pieces.

Inventory:

Hand Weapons
 a - a +0 war axe (weapon)
Armour
 b - a +0 scale mail (worn)
 c - a +0 shield (worn)
Jewellery
 l - an uncursed ring of positive energy {unknown}
Scrolls
 e - 2 scrolls of magic mapping {unknown}
 h - a scroll of remove curse {unknown}
 i - a scroll of teleportation {unknown}
 j - a scroll of immolation {unknown}
 m - a scroll of identify {unknown}
Potions
 d - a potion of might
 k - a potion of cancellation {unknown}
Comestibles
 f - 3 rations
 g - a chunk of flesh


   Skills:
 + Level 4.0 Fighting
 * Level 3.4 Axes
 + Level 4.0 Armour
 + Level 4.0 Shields


You had 2 spell levels left.
You didn't know any spells.
Your spell library was empty.

Dungeon Overview and Level Annotations

Branches:
Dungeon (2/15)

Altars:
Xom


Innate Abilities, Weirdness & Mutations

You reflexively headbutt those who attack you in melee.
You have a pair of horns on your head.


Message History

The orc hits you with an enchanted hand axe.
The orc priest hits you with a flail.
The orc priest casts a cantrip, but nothing happens.
The orc hits you with an enchanted hand axe.
* * * LOW HITPOINT WARNING * * *
The orc priest calls upon Beogh to heal the orc.
The orc's wounds heal themselves!
The orc hits you with an enchanted hand axe.
* * * LOW HITPOINT WARNING * * *
You closely miss the orc.
The orc hits you with an enchanted hand axe.
* * * LOW HITPOINT WARNING * * *
The orc priest calls upon Beogh to heal the orc priest.
The orc priest's wounds heal themselves!
The orc barely misses you.
The orc priest looks braver for a moment.
You hit the orc.
The orc is severely wounded.
The orc hits you with an enchanted hand axe.
You die...

###########
##.........#
#...oo....(# #o#
#@# #.###.### .#
#.###_..+..#
#.###.###..# #.#
#..#
#.###'###..######
#...............#
#####..#........#
#...........#


You could see 2 orc priests and an orc.

Vanquished Creatures
  An adder (D:2)
  A worm (D:2)
  A leopard gecko (D:2)
  4 giant cockroaches (D:2)
  4 goblins
  4 kobolds
  A ball python (D:1)
  4 bats
  2 frilled lizards
  3 rats (D:2)
25 creatures vanquished.

Notes
Turn   | Place    | Note
-------+----------+-------------------------------------------
     0 | D:1      | Hebeh the Minotaur Fighter began the quest for the Orb.
     0 | D:1      | Reached XP level 1. HP: 19/19 MP: 0/0
   184 | D:1      | You fall through a shaft!
   187 | D:2      | Reached XP level 2. HP: 27/27 MP: 1/1
   282 | D:2      | Reached XP level 3. HP: 16/33 MP: 2/2
   505 | D:2      | Found a shimmering altar of Xom.
   525 | D:2      | Slain by an orc

Vault maps used:
D:1:      tarquinn_simple_flora_water_d
D:2:      lemuel_crystal_altar, lemuel_doored_altar, first_ration,
          minmay_goblin_kobold_house

Skill      XL: |  1  2 |
---------------+-------+-----
Axes           | 3 |  3.4
Fighting       | 4 |  4.0
Armour         | 4 |  4.0
Shields        | 4 |  4.0

Action                   || total
-------------------------++-------
Melee: War axe           ||    64
       Headbutt          ||    10
Armor: Scale mail        ||    25
Dodge: Dodged            ||    22
Block: Shield            ||    30

Table legend:
 A = Spawn XP
 B = Non-spawn XP
 C = Spawn XP percentage of total XP
 D = Spawn monster count
 E = Non-spawn monster count
 F = Spawn count percentage of total count
 G = Total turns spent on level
                    A         B        C        D         E        F      G
               +---------+---------+-------+---------+---------+-------+---------
         Total |       0 |      54 |   0.0 |       0 |      25 |   0.0 |   525
               +---------+---------+-------+---------+---------+-------+---------
           D:1 |       0 |      11 |   0.0 |       0 |       8 |   0.0 |   184
           D:2 |       0 |      43 |   0.0 |       0 |      17 |   0.0 |   341
               +---------+---------+-------+---------+---------+-------+---------
